 Dungeon Crawl Stone Soup version 0.19.5 (webtiles) character file.

187 Nubser the Skirmisher (level 5, -5/47 HPs)
             Began as a Hill Orc Fighter on Mar 13, 2017.
             Killed by divine providence
             ... invoked by an orc priest
              (11 damage)
             ... on level 4 of the Dungeon.
             The game lasted 00:17:06 (2759 turns).

Nubser the Skirmisher (Hill Orc Fighter)            Turns: 2759, Time: 00:17:07

Health: -5/47      AC: 11    Str: 20    XL:     5   Next: 66%
Magic:  5/5        EV:  4    Int:  8    God:
Gold:   139        SH:  9    Dex: 10    Spells: 0 memorised, 4 levels left

rFire  . . .     SeeInvis .     p - +4 short sword (protect)
rCold  . . .     Gourm    .     m - +0 plate armour
rNeg   . . .     Faith    .     c - +0 shield
rPois  .         Spirit   .     (no helmet)
rElec  .         Reflect  .     (no cloak)
rCorr  .         Harm     .     (no gloves)
MR     .....                    (no boots)
Stlth  ..........               (no amulet)
                                (no ring)
                                (no ring)

@: slowed, very slow
A: no striking features
a: Convert to Beogh


You were on level 4 of the Dungeon.
You were full.

You visited 1 branch of the dungeon, and saw 4 of its levels.

You collected 139 gold pieces.

Inventory:

Hand Weapons
 p - a +4 short sword of protection (weapon)
Armour
 c - a +0 shield (worn)
 m - a +0 plate armour (worn)
Scrolls
 a - 2 scrolls of magic mapping {unknown}
 e - 7 scrolls of remove curse
 g - a scroll of noise {unknown}
 l - a scroll of immolation {unknown}
 q - a scroll of identify {unknown}
Potions
 d - a potion of might
 h - a potion of flight {unknown}
 k - 2 potions of curing {unknown}
 n - a potion of cure mutation {unknown}
 o - a potion of heal wounds {unknown}
Comestibles
 f - 2 bread rations
 i - 2 slices of pizza
 j - a beef jerky


   Skills:
 + Level 4.4 Fighting
 + Level 1.1(2.4) Short Blades
   Level 3.8(3.9) Long Blades
 + Level 4.1 Armour
 + Level 0.4 Dodging
 + Level 4.3 Shields


You had 4 spell levels left.
You didn't know any spells.

Dungeon Overview and Level Annotations

Branches:
Dungeon (4/15)
 Temple: D:4-7

Altars:
Ashenzari
Makhleb
Qazlal


Message History

The orc wizard barely misses you.
The orc priest invokes the aid of Beogh against you.
Beogh smites you!
* * * LOW HITPOINT WARNING * * *
The orc wizard casts a spell at you. The puff of flame hits you!
* * * LOW HITPOINT WARNING * * *
The orc priest calls upon Beogh to heal the orc wizard.
The orc wizard is healed somewhat.
The orc wizard hits you but does no damage.
The orc wizard mumbles some strange words.
The orc wizard blinks!
The orc wizard casts a spell at you. The puff of flame hits you!
* * * LOW HITPOINT WARNING * * *
You block the orc wizard's attack. You block the orc wizard's attack.
The orc priest mumbles some strange prayers to Beogh against you.
Beogh smites you!
You die...

##.###..# .....ยง..# #o#
#.# #o# #Z# #######.#
#.....#o#### #.###.#.@..#
#.# #.####.# #.###.## #.#
#.#....# #.#
########.#.#### #.#######
#........#.######.#......
#........#...............
#........########.#.####.
#......>.###.#......##


You could see an orc priest, 2 orc wizards and an adder skeleton.

Vanquished Creatures
  A hound (D:4)
  6 adders
  2 oozes (D:2)
  A worm (D:2)
  4 dart slugs
  2 leopard geckos (D:2)
  An orc (D:3)
  5 giant cockroaches
  9 goblins
  12 hobgoblins
  4 jackals
  8 kobolds
  2 quokkas (D:3)
  11 bats
  2 frilled lizards
  7 rats
77 creatures vanquished.

Notes
Turn   | Place    | Note
-------+----------+-------------------------------------------
     0 | D:1      | Nubser the Hill Orc Fighter began the quest for the Orb.
     0 | D:1      | Reached XP level 1. HP: 19/19 MP: 1/1
   119 | D:1      | Reached XP level 2. HP: 26/27 MP: 2/2
   558 | D:1      | Reached XP level 3. HP: 32/33 MP: 3/3
  1287 | D:2      | Reached XP level 4. HP: 35/40 MP: 4/4
  1873 | D:2      | Found a burning altar of Makhleb.
  2006 | D:3      | Found a shattered altar of Ashenzari.
  2129 | D:3      | Reached XP level 5. HP: 46/46 MP: 5/5
  2176 | D:3      | Found a stormy altar of Qazlal.
  2743 | D:4      | Reached skill level 1 in Short Blades
  2759 | D:4      | Killed from afar by an orc priest

Skill      XL: |  1  2  3  4  5 |
---------------+----------------+-----
Fighting       | 4 |  4.4
Long Blades    | 3 |  3.8
Armour         | 4 |  4.1
Shields        | 4 |  4.3
Short Blades   | 1 |  1.1
Dodging        | |  0.4

Action                   |  1- 3 |  4- 6 || total
-------------------------+-------+-------++-------
Melee: Long sword        |   116 |    73 ||   189
       Short sword       |       |   103 ||   103
  Use: Scroll            |     1 |       ||     1
  Eat: Meat ration       |     1 |       ||     1
       Bread ration      |       |     1 ||     1
       Royal jelly       |       |     1 ||     1
Armor: Scale mail        |    58 |     5 ||    63
       Plate armour      |       |   102 ||   102
Dodge: Dodged            |    32 |    31 ||    63
Block: Shield            |    76 |    91 ||   167
       Rpst.: Long sword |    13 |     2 ||    15
